Map: Inside and Out

Players

ИИ 1 (эксперт) - Winner!

  • Race: Protoss Protoss
  • Spawn Location: 7:00

Doll

  • Race: Terran Terran
  • Spawn Location: 1:00

VOD

Have the link to the VOD?

Description

Time

  • Played on: Nov. 7, 2022, 2:26 p.m.
  • Length: 4:49
Show
View Real Time Build Order
Export as new Build Order

ИИ 1 (эксперт) Protoss - Winner!

Build Orders:  

Get SALT Encoding   

  12  0:00  Probe  
  13  0:13  Probe  
  14  0:19  Pylon  
  14  0:25  Probe  
  15  0:33  Probe  
  15  0:41  Probe  
  16  0:47  Assimilator  
  17  0:50  Gateway  
  17  0:51  Probe  
  18  1:00  Probe  
  18  1:02  Pylon  
  19  1:08  Probe  
  19  1:18  Probe  
  21  1:30  Probe  
  22  1:38  Zealot  
  24  1:42  Probe  
  25  1:47  Nexus  
  25  2:00  Cybernetics Core  
  25  2:09  Gateway  
  25  2:11  Zealot  
  25  2:16  Pylon  
  27  2:23  Probe  
  27  2:26  Warp Gate  
  28  2:35  Probe  
  28  2:36  Assimilator  
  29  2:44  Adept  
  31  2:47  Probe, Adept  
  34  2:59  Probe  
  34  3:01  Pylon  
  34  3:02  Probe  
  36  3:14  Adept  
  36  3:16  Probe  
  36  3:17  Sentry  
  41  3:25  Gateway  
  41  3:26  Probe  
  42  3:29  Probe  
  43  3:39  Probe, Adept  
  43  3:41  Probe  
  43  3:49  Zealot  
  43  3:51  Probe  
  43  3:53  Probe  
  41  4:03  Adept  
  41  4:05  Probe  
  40  4:10  Probe  
  38  4:18  Probe x2  
  38  4:19  Adept  
  38  4:24  Stalker  
  42  4:28  Probe  
  42  4:32  Probe  
  41  4:40  Adept x2  
  45  4:47  Adept  
Show
View Real Time Build Order
Export as new Build Order

Doll Terran 

Build Orders:  

Get SALT Encoding   

  12  0:00  SCV  
  13  0:13  Refinery  
  13  0:16  SCV  
  14  0:27  Supply Depot  
  14  0:30  SCV  
  15  0:52  Barracks  
  15  1:01  Barracks  
  15  1:03  SCV  
  16  1:15  SCV  
  17  1:20  Supply Depot  
  17  1:27  SCV  
  18  1:39  Marine  
  19  1:41  SCV  
  20  1:48  Barracks Tech Lab  
  20  1:54  Barracks  
  20  1:55  SCV  
  20  1:58  Barracks Tech Lab  
  21  2:06  Marauder  
  23  2:12  Stimpack  
  23  2:19  Combat Shield  
  23  2:22  Marine  
  24  2:30  Marauder  
  26  2:41  Marauder  
  26  2:43  Marine  
  29  2:49  Supply Depot  
  29  2:52  Marauder  
  31  3:02  Orbital Command  
  31  3:10  Barracks Tech Lab  
  31  3:11  Refinery  
  31  3:18  Marauder  
  33  3:24  Marauder  
  35  3:32  SCV  
  35  3:33  Concussive Shells  
  36  3:34  Marine  
Tags
 
Matchup
ПvТ
Spawn Locations
Cross Positions
Add a new tag
Caveats
  • Supply blocks, unpowered buildings, or Contaminate may cause inaccurate times.
  • Supply counts are checked every 10 seconds.